| TOP OF THE 1ST |
|
Texas Rangers batting - Pitching for Seattle Mariners : LHP Aidan Smith
|
|
Pitching: LHP Aidan Smith
|
|
|
Batting: RHB Butch Kaiser
|
0-0: Ball 1-0: Fly out, F9 (Line Drive, 89M, EV 108.1 MPH)
|
|
Batting: RHB Blake Ballard
|
0-0: SINGLE (Groundball, 6D, EV 97.5 MPH)
|
|
Batting: SHB John Giesbrecht
|
0-0: Swinging Strike 0-1: Ball 1-1: Ball 2-1: Ball 3-1: Called Strike 3-2: Base on Balls Blake Ballard to second
|
|
Batting: SHB Vince Ealy
|
0-0: Ball 1-0: Foul Ball, location: 2F 1-1: Foul Ball, location: 2F 1-2: Strikes out swinging
|
|
Batting: RHB Reilly Hawkins
|
0-0: Ball 1-0: Foul Ball, location: 2F 1-1: Foul Ball, location: 2F 1-2: Strikes out looking
|
| Top of the 1st over - 0 runs, 1 hit, 0 errors, 2 left on base; Texas 0 - Seattle 0 |
| BOTTOM OF THE 1ST |
|
Seattle Mariners batting - Pitching for Texas Rangers : RHP Pimbly Nimblebottom
|
|
Pitching: RHP Pimbly Nimblebottom
|
|
|
Batting: LHB Dae-ik Yoon
|
0-0: Called Strike 0-1: Ball 1-1: Foul Ball, location: 2F 1-2: Foul Ball, location: 2F 1-2: Foul Ball, location: 2F 1-2: Ball 2-2: Ball 3-2: Ground out 6-3 (Groundball, 6, EV 95.0 MPH)
|
|
Batting: RHB Jose Vasquez
|
0-0: Called Strike 0-1: Ball 1-1: Fly out, F8 (Flyball, 8RM, EV 84.4 MPH)
|
|
Batting: SHB Floyd-William Goof
|
0-0: Ball 1-0: Called Strike 1-1: Swinging Strike 1-2: Ball 2-2: Ground out U3 (Groundball, 3, EV 85.6 MPH)
|
| Bottom of the 1st over - 0 runs, 0 hits, 0 errors, 0 left on base; Texas 0 - Seattle 0 |
| TOP OF THE 2ND |
|
Texas Rangers batting - Pitching for Seattle Mariners : LHP Aidan Smith
|
|
Batting: RHB Chad Thompson
|
0-0: Foul Ball, location: 2F 0-1: Ball 1-1: Ball 2-1: Ball 3-1: Called Strike 3-2: Base on Balls
|
|
Batting: RHB Ray Llewellyn
|
0-0: Called Strike 0-1: Ball 1-1: Fly out, F9 (Flyball, 9, EV 93.1 MPH)
|
|
Batting: LHB Andy Bowman
|
0-0: Called Strike 0-1: Fielders Choice at 2nd, 3-6 (Groundball, 3, EV 107.5 MPH)
|
|
Batting: RHB Zhao-ji Chi
|
0-0: Foul Ball, location: 2F 0-1: Ball 1-1: Foul Ball, location: 2F 1-2: Strikes out swinging
|
| Top of the 2nd over - 0 runs, 0 hits, 0 errors, 1 left on base; Texas 0 - Seattle 0 |
| BOTTOM OF THE 2ND |
|
Seattle Mariners batting - Pitching for Texas Rangers : RHP Pimbly Nimblebottom
|
|
Batting: RHB Steve Jordan
|
0-0: Fly out, F2 (Popup, 2L, EV 89.4 MPH)
|
|
Batting: SHB Robbie Rogers
|
0-0: Called Strike 0-1: Ball 1-1: Called Strike 1-2: Strikes out swinging
|
|
Batting: RHB Pavpv Ivanushkin
|
0-0: Ball 1-0: Ball 2-0: Called Strike 2-1: Fly out, F7 (Line Drive, 78M, EV 93.1 MPH)
|
| Bottom of the 2nd over - 0 runs, 0 hits, 0 errors, 0 left on base; Texas 0 - Seattle 0 |
| TOP OF THE 3RD |
|
Texas Rangers batting - Pitching for Seattle Mariners : LHP Aidan Smith
|
|
Batting: RHB Butch Kaiser
|
0-0: Called Strike 0-1: Called Strike 0-2: Fly out, F8 (Flyball, 8RD, EV 91.2 MPH)
|
|
Batting: RHB Blake Ballard
|
0-0: Called Strike 0-1: Ball 1-1: Foul Ball, location: 2F 1-2: Ground out 1-3 (Groundball, 34S, EV 73.1 MPH)
|
|
Batting: SHB John Giesbrecht
|
0-0: Ball 1-0: Swinging Strike 1-1: Ground out 6-3 (Groundball, 56D, EV 88.8 MPH)
|
| Top of the 3rd over - 0 runs, 0 hits, 0 errors, 0 left on base; Texas 0 - Seattle 0 |
| BOTTOM OF THE 3RD |
|
Seattle Mariners batting - Pitching for Texas Rangers : RHP Pimbly Nimblebottom
|
|
Batting: RHB Harutomi Matsubara
|
0-0: Called Strike 0-1: SINGLE (Groundball, 56D, EV 98.1 MPH)
|
|
Batting: RHB Jimmy Hammertime
|
0-0: Called Strike 0-1: Foul Ball, location: 2F 0-2: Hit by Pitch Harutomi Matsubara to second
|
|
Batting: RHB Young-kwang Ohnn
|
0-0: Ball 1-0: Foul Ball, location: 2F 1-1: Foul Ball, location: 2F 1-2: Ball 2-2: Strikes out swinging
|
|
Batting: LHB Dae-ik Yoon
|
0-0: Ball 1-0: Called Strike 1-1: Foul Ball, location: 2F 1-2: Foul Ball, location: 2F 1-2: Ball 2-2: Strikes out swinging
|
|
Batting: RHB Jose Vasquez
|
0-0: Called Strike 0-1: Fly out, F7 (Flyball, 7, EV 86.9 MPH)
|
| Bottom of the 3rd over - 0 runs, 1 hit, 0 errors, 2 left on base; Texas 0 - Seattle 0 |
| TOP OF THE 4TH |
|
Texas Rangers batting - Pitching for Seattle Mariners : LHP Aidan Smith
|
|
Batting: SHB Vince Ealy
|
0-0: SINGLE (Flyball, 89S, EV 87.5 MPH)
|
|
Batting: RHB Reilly Hawkins
|
0-0: SINGLE (Line Drive, 9LS, EV 89.4 MPH) Vince Ealy to second Runner from 2nd tries for 3rd, SAFE, throw by RF made to third
|
|
Batting: RHB Chad Thompson
|
0-0: Called Strike 0-1: Ball 1-1: Foul Ball, location: 2F 1-2: Foul Ball, location: 2F 1-2: Grounds into double play, 6-4-3 (Groundball, 6, EV 83.8 MPH) Vince Ealy scores
|
|
Batting: RHB Ray Llewellyn
|
0-0: Swinging Strike 0-1: Called Strike 0-2: Foul Ball, location: 2F 0-2: Strikes out swinging
|
| Top of the 4th over - 1 run, 2 hits, 0 errors, 0 left on base; Texas 1 - Seattle 0 |
| BOTTOM OF THE 4TH |
|
Seattle Mariners batting - Pitching for Texas Rangers : RHP Pimbly Nimblebottom
|
|
Batting: SHB Floyd-William Goof
|
0-0: Called Strike 0-1: Ball 1-1: Ball 2-1: Foul Ball, location: 2F 2-2: Ball 3-2: Base on Balls
|
|
Batting: RHB Steve Jordan
|
0-0: Called Strike Floyd-William Goof steals 2nd base (no throw) 0-1: Called Strike 0-2: Fly out, F7 (Flyball, 7D, EV 103.8 MPH) Runner from 2nd tags up, SAFE at 3rd, no throw by LF
|
|
Batting: SHB Robbie Rogers
|
0-0: Ball 1-0: Called Strike 1-1: Swinging Strike 1-2: Fly out, F4 (Line Drive, 4D, EV 74.4 MPH)
|
|
Batting: RHB Pavpv Ivanushkin
|
0-0: Ball 1-0: Ball 2-0: Ball 3-0: Base on Balls
|
|
Batting: RHB Harutomi Matsubara
|
0-0: Foul Ball, location: 2F 0-1: Fielders Choice at 2nd, 5-4 (Groundball, 56, EV 105.0 MPH)
|
| Bottom of the 4th over - 0 runs, 0 hits, 0 errors, 2 left on base; Texas 1 - Seattle 0 |
| TOP OF THE 5TH |
|
Texas Rangers batting - Pitching for Seattle Mariners : LHP Aidan Smith
|
|
Batting: LHB Andy Bowman
|
0-0: Ball 1-0: Swinging Strike 1-1: Foul Ball, location: 2F 1-2: Strikes out looking
|
|
Batting: RHB Zhao-ji Chi
|
0-0: Ball 1-0: Ground out 5-3 (Groundball, 56, EV 88.8 MPH)
|
|
Batting: RHB Butch Kaiser
|
0-0: Ball 1-0: Ball 2-0: Ground out 4-3 (Groundball, 34, EV 100.0 MPH)
|
| Top of the 5th over - 0 runs, 0 hits, 0 errors, 0 left on base; Texas 1 - Seattle 0 |
| BOTTOM OF THE 5TH |
|
Seattle Mariners batting - Pitching for Texas Rangers : RHP Pimbly Nimblebottom
|
|
Batting: RHB Jimmy Hammertime
|
0-0: Swinging Strike 0-1: Ground out 1-5-3 (Groundball, 15S, EV 100.6 MPH)
|
|
Batting: RHB Young-kwang Ohnn
|
0-0: Ball 1-0: Ball 2-0: Ball 3-0: Base on Balls
|
|
Batting: LHB Dae-ik Yoon
|
0-0: Ball 1-0: Foul Ball, location: 2F 1-1: Swinging Strike 1-2: Strikes out swinging
|
|
Batting: RHB Jose Vasquez
|
0-0: Ball 1-0: Fly out, F9 (Flyball, 9D, EV 86.9 MPH)
|
| Bottom of the 5th over - 0 runs, 0 hits, 0 errors, 1 left on base; Texas 1 - Seattle 0 |
| TOP OF THE 6TH |
|
Texas Rangers batting - Pitching for Seattle Mariners : LHP Aidan Smith
|
|
Batting: RHB Blake Ballard
|
0-0: Ball 1-0: Ball 2-0: SINGLE (Groundball, 56D, EV 105.0 MPH) (infield hit)
|
|
Batting: SHB John Giesbrecht
|
0-0: SINGLE (Line Drive, 8RS, EV 103.8 MPH) Blake Ballard to second
|
|
Batting: SHB Vince Ealy
|
0-0: Called Strike 0-1: Ball 1-1: Ball 2-1: Foul Ball, location: 2F 2-2: Ball 3-2: Strikes out swinging
|
|
Batting: RHB Reilly Hawkins
|
0-0: Ball 1-0: Called Strike 1-1: Ball 2-1: Ball 3-1: Base on Balls Blake Ballard to third John Giesbrecht to second
|
|
Batting: RHB Chad Thompson
|
0-0: Called Strike 0-1: Swinging Strike 0-2: Fly out, F8 (Flyball, 8LD, EV 97.5 MPH) Runner from 3rd tags up, SCORES, no throw by CF
|
|
Batting: RHB Ray Llewellyn
|
0-0: Ball 1-0: Ball 2-0: Ball 3-0: Base on Balls John Giesbrecht to third Reilly Hawkins to second
|
|
Batting: LHB Andy Bowman
|
0-0: Called Strike 0-1: Ball 1-1: Foul Ball, location: 2F 1-2: Strikes out swinging
|
| Top of the 6th over - 1 run, 2 hits, 0 errors, 3 left on base; Texas 2 - Seattle 0 |
| BOTTOM OF THE 6TH |
|
Seattle Mariners batting - Pitching for Texas Rangers : RHP Pimbly Nimblebottom
|
|
Batting: SHB Floyd-William Goof
|
0-0: Hit by Pitch
|
|
Batting: RHB Steve Jordan
|
0-0: Swinging Strike 0-1: Called Strike Floyd-William Goof steals 2nd base 0-2: Ball 1-2: Ball 2-2: Fly out, F7 (Flyball, 78D, EV 106.2 MPH)
|
|
Batting: SHB Robbie Rogers
|
0-0: Ball 1-0: Ball 2-0: Ball 3-0: Called Strike 3-1: Foul Ball, location: 2F 3-2: Foul Ball, location: 2F 3-2: Fly out, F8 (Line Drive, 8RM, EV 98.1 MPH)
|
|
Batting: RHB Pavpv Ivanushkin
|
0-0: Ball 1-0: Ball 2-0: Called Strike 2-1: Swinging Strike 2-2: Ball 3-2: Ground out 6-3 (Groundball, 6, EV 105.0 MPH)
|
| Bottom of the 6th over - 0 runs, 0 hits, 0 errors, 1 left on base; Texas 2 - Seattle 0 |
| TOP OF THE 7TH |
|
Texas Rangers batting - Pitching for Seattle Mariners : LHP Aidan Smith
|
|
Batting: RHB Zhao-ji Chi
|
0-0: Ground out U3 (Groundball, 3, EV 106.9 MPH)
|
|
Batting: RHB Butch Kaiser
|
0-0: Called Strike 0-1: SINGLE (Line Drive, 4M, EV 98.1 MPH)
|
|
Pitching: RHP William de Jesus
|
|
|
Batting: RHB Blake Ballard
|
0-0: Ball 1-0: Foul Ball, location: 2F 1-1: Ball 2-1: Foul Ball, location: 2F 2-2: Ball 3-2: Base on Balls Butch Kaiser to second
|
|
Batting: SHB John Giesbrecht
|
0-0: Swinging Strike 0-1: Ball 1-1: Ball 2-1: Foul Ball, location: 2F 2-2: Ball 3-2: Foul Ball, location: 2F 3-2: Base on Balls Butch Kaiser to third Blake Ballard to second
|
|
Batting: SHB Vince Ealy
|
0-0: Ball 1-0: Ball 2-0: Ball 3-0: Called Strike 3-1: Base on Balls Butch Kaiser scores Blake Ballard to third John Giesbrecht to second
|
|
Pinch Hitting: LHB Sean Geisler
|
0-0: Ball 1-0: Swinging Strike 1-1: Fielders Choice at 2nd, U6 (Groundball, 4M, EV 91.2 MPH) Blake Ballard scores John Giesbrecht to third
|
|
Batting: RHB Chad Thompson
|
0-0: Swinging Strike 0-1: Ball 1-1: Foul Ball, location: 2F 1-2: Ball 2-2: Strikes out swinging
|
| Top of the 7th over - 2 runs, 1 hit, 0 errors, 2 left on base; Texas 4 - Seattle 0 |
| BOTTOM OF THE 7TH |
|
Seattle Mariners batting - Pitching for Texas Rangers : RHP Pimbly Nimblebottom
|
|
Now at 3B: Danny Heyer
|
|
|
Batting: RHB Harutomi Matsubara
|
0-0: Called Strike 0-1: Ground out 6-3 (Groundball, 6S, EV 88.1 MPH)
|
|
Batting: RHB Jimmy Hammertime
|
0-0: Ground out 1-3 (Groundball, 15S, EV 72.5 MPH)
|
|
Batting: RHB Young-kwang Ohnn
|
0-0: Ball 1-0: Fly out, F8 (Flyball, 89M, EV 78.1 MPH)
|
| Bottom of the 7th over - 0 runs, 0 hits, 0 errors, 0 left on base; Texas 4 - Seattle 0 |
| TOP OF THE 8TH |
|
Texas Rangers batting - Pitching for Seattle Mariners : RHP William de Jesus
|
|
Pitching: LHP David Anaya
|
|
|
Batting: RHB Ray Llewellyn
|
0-0: Called Strike 0-1: Foul Ball, location: 2F 0-2: Ball 1-2: Foul Ball, location: 2F 1-2: Ball 2-2: Ground out 6-3 (Groundball, 56, EV 90.6 MPH)
|
|
Batting: LHB Andy Bowman
|
0-0: SINGLE (Line Drive, 56D, EV 96.2 MPH)
|
|
Batting: RHB Zhao-ji Chi
|
0-0: Called Strike 0-1: Called Strike 0-2: Ball 1-2: Foul Ball, location: 2F 1-2: SINGLE (Groundball, 4M, EV 96.2 MPH) Andy Bowman to second Runner from 2nd tries for 3rd, SAFE, throw by CF made to third
|
|
Batting: RHB Butch Kaiser
|
0-0: Called Strike 0-1: Ball 1-1: Ball 2-1: Ball 3-1: Foul Ball, location: 2F 3-2: Fly out, F9 (Flyball, 9LS, EV 85.0 MPH)
|
|
Batting: RHB Blake Ballard
|
0-0: Ball 1-0: Swinging Strike 1-1: Ball 2-1: Ground out 5-3 (Groundball, 56S, EV 77.5 MPH)
|
| Top of the 8th over - 0 runs, 2 hits, 0 errors, 2 left on base; Texas 4 - Seattle 0 |
| BOTTOM OF THE 8TH |
|
Seattle Mariners batting - Pitching for Texas Rangers : RHP Pimbly Nimblebottom
|
|
Batting: LHB Dae-ik Yoon
|
0-0: Ball 1-0: Ball 2-0: Foul Ball, location: 2F 2-1: Foul Ball, location: 2F 2-2: Fly out, F6 (Line Drive, 6, EV 66.9 MPH)
|
|
Pitching: RHP Mike Webb
|
|
|
Batting: RHB Jose Vasquez
|
0-0: Ball 1-0: Foul Ball, location: 2F 1-1: Foul Ball, location: 2F 1-2: Foul Ball, location: 2F 1-2: SOLO HOME RUN (Flyball, 89XD, EV 99.4 MPH), Distance : 410 ft
|
|
Pitching: RHP Kyle Curve
|
|
|
Batting: SHB Floyd-William Goof
|
0-0: Foul Ball, location: 2F 0-1: Ball 1-1: Ball 2-1: Foul Ball, location: 2F 2-2: Ball 3-2: Foul Ball, location: 2F 3-2: Fly out, F8 (Flyball, 8RD, EV 93.1 MPH)
|
|
Batting: RHB Steve Jordan
|
0-0: Foul Ball, location: 2F 0-1: Fly out, F9 (Flyball, 9LM, EV 96.2 MPH)
|
| Bottom of the 8th over - 1 run, 1 hit, 0 errors, 0 left on base; Texas 4 - Seattle 1 |
| TOP OF THE 9TH |
|
Texas Rangers batting - Pitching for Seattle Mariners : LHP David Anaya
|
|
Batting: SHB John Giesbrecht
|
0-0: Called Strike 0-1: Ball 1-1: Fly out, F9 (Flyball, 9S, EV 93.1 MPH)
|
|
Batting: SHB Vince Ealy
|
0-0: Foul Ball, location: 2F 0-1: Swinging Strike 0-2: Ball 1-2: Fly out, F1 (Line Drive, P, EV 67.5 MPH)
|
|
Batting: RHB Danny Heyer
|
0-0: Called Strike 0-1: Called Strike 0-2: Ball 1-2: Ball 2-2: Ball 3-2: Base on Balls
|
|
Batting: RHB Chad Thompson
|
0-0: Called Strike Danny Heyer steals 2nd base 0-1: Foul Ball, location: 2F 0-2: Ball 1-2: Foul Ball, location: 2F 1-2: Strikes out swinging
|
| Top of the 9th over - 0 runs, 0 hits, 0 errors, 1 left on base; Texas 4 - Seattle 1 |
| BOTTOM OF THE 9TH |
|
Seattle Mariners batting - Pitching for Texas Rangers : RHP Kyle Curve
|
|
Pitching: RHP Brad Kramer
|
|
|
Batting: SHB Robbie Rogers
|
0-0: Ball 1-0: Ground out 6-3 (Groundball, 6M, EV 90.6 MPH)
|
|
Batting: RHB Pavpv Ivanushkin
|
0-0: Called Strike 0-1: Foul Ball, location: 2F 0-2: Ball 1-2: Ball 2-2: Ball 3-2: Foul Ball, location: 2F 3-2: Strikes out swinging
|
|
Batting: RHB Harutomi Matsubara
|
0-0: Called Strike 0-1: Foul Ball, location: 2F 0-2: Ground out 4-3 (Groundball, 4, EV 100.0 MPH)
|
| Bottom of the 9th over - 0 runs, 0 hits, 0 errors, 0 left on base; Texas 4 - Seattle 1 |
|